 Dungeon Crawl Stone Soup version 0.29-a0-892-g2c4c91d9db (webtiles) character file.

Game seed: 13693368842998215286

78 concernfroge the Trooper (level 4, -3/39 HPs)
             Began as a Mummy Monk on July 23, 2022.
             Slain by an iguana (8 damage)
             ... on level 4 of the Dungeon.
             The game lasted 00:04:17 (3137 turns).

concernfroge the Trooper (Mummy Monk)               Turns: 3137, Time: 00:04:18

Health: -3/39      AC:  5    Str: 16    XL:     4   Next: 15%
Magic:  4/4        EV: 11    Int:  9    God:
Gold:   188        SH:  0    Dex: 14    Spells: 3/3 levels left

rFire   . . .      SeeInvis .   a - +0 spear
rCold   . . .      Faith    .   (no shield)
rNeg    + + +      Spirit   .   i - +0 ring mail
rPois   ∞          Reflect  .   (no helmet)
rElec   .          Harm     .   (no cloak)
rCorr   .          Rampage  .   (no gloves)
Will    .....                   (no boots)
Stlth   +.........              (no amulet)
HPRegen 0.13/turn               h - ring of fire
MPRegen 0.09/turn               (no ring)

@: no status effects
A: cold resistance 1, negative energy resistance 3, torment resistance 2, heat
vulnerability 1, in touch with death 1, no potions
a: no special abilities


You were on level 4 of the Dungeon.
You visited 1 branch of the dungeon, and saw 4 of its levels.

You collected 188 gold pieces.

Inventory:

Hand Weapons
 a - a +0 spear (weapon)
Armour
 i - a +0 ring mail (worn)
Jewellery
 h - a ring of fire (left hand)
Scrolls
 c - 3 scrolls of immolation
 d - a scroll of torment


   Skills:
 + Level 5.0 Fighting
 - Level 2.4 Polearms
 - Level 2.4 Dodging
 - Level 1.5 Stealth


You had 3 spell levels left.
You didn't know any spells.
Your spell library was empty.

Dungeon Overview and Level Annotations

Branches:
Dungeon (4/15)
 Temple: D:4-7

Altars:


Innate Abilities, Weirdness & Mutations

You are immune to poison.
Your flesh is cold resistant. (rC+)
You are immune to negative energy. (rN+++)
You are immune to unholy pain and torment.
You are vulnerable to heat. (rF-)
You are in touch with the powers of death.
You do not drink.


Message History

An iguana comes into view.
Found a clear potion.
The iguana hisses angrily.
You hit the iguana but do no damage. The iguana barely misses you.
You hit the iguana.
The iguana is moderately wounded.
The iguana bites you!
You hit the iguana.
The iguana is severely wounded.
The iguana bites you.
You barely miss the iguana.
The iguana is severely wounded.
The iguana bites you!
You are too injured to fight recklessly!
You are too injured to fight recklessly!
You hit the iguana but do no damage.
The iguana is severely wounded.
The iguana bites you but does no damage.
You hit the iguana but do no damage.
The iguana is severely wounded.
The iguana closely misses you.
You hit the iguana.
The iguana is severely wounded.
The iguana hisses menacingly.
The iguana bites you but does no damage.
You hit the iguana but do no damage.
The iguana is severely wounded.
The iguana bites you.
You hit the iguana but do no damage.
The iguana is severely wounded.
The iguana hisses menacingly.
The iguana bites you!
* * * LOW HITPOINT WARNING * * *
You barely miss the iguana.
The iguana is severely wounded.
The iguana barely misses you.
You barely miss the iguana.
The iguana is severely wounded.
The iguana bites you!
You die...

#.....b†..#
##.##
#.###.##.## #.#
#.# #.##)###
#.#
#.######≈.≈#
#+#
#..>##≈≈.≈≈##
#####≈≈#.#≈≈#
#.'....)..+
#####.#≈≈#.#≈≈#
#..l@.##≈≈.≈≈##
#!###..##≈.≈##
##.###+## ...
##.# .# #+ #
#.# #.# ##.##


You could see an iguana.

Vanquished Creatures
  A worm (D:2)
  4 dart slugs
  2 orcs
  A bat (D:2)
  6 endoplasms
  7 giant cockroaches
  3 goblins (D:1)
  2 hobgoblins
  6 jackals (D:1)
  10 kobolds
  3 quokkas
  7 ball pythons
  3 frilled lizards (D:1)
  3 rats
58 creatures vanquished.

Notes
Turn   | Place    | Note
-------+----------+-------------------------------------------
     0 | D:1      | concernfroge the Mummy Monk began the quest for the Orb.
     0 | D:1      | Reached XP level 1. HP: 18/18 MP: 1/1
   368 | D:1      | Reached XP level 2. HP: 20/24 MP: 2/2
   622 | D:1      | Reached skill level 4 in Fighting
   760 | D:1      | Gained mutation: You are in touch with the powers of death.
                  | [Mummy growth]
   760 | D:1      | Reached XP level 3. HP: 30/30 MP: 3/3
  1064 | D:1      | Found a faded altar of an unknown god.
  2608 | D:2      | Reached XP level 4. HP: 33/38 MP: 4/4
  2687 | D:2      | Reached skill level 5 in Fighting
  2907 | D:3      | Noticed a scorpion
  3137 | D:4      | Slain by an iguana

Illustrated notes

Levels and vault maps discovered:
D:1:      mainiacjoe_arrival_reflecting_pool, layout_basic,
          hellmonk_ecumenical_altar_blasted
D:2:      layout_loops_cross
D:3:      cheibrodos_thug_alley, layout_basic, lemuel_crystal_altar, nrook_uturn
D:4:      cheibrodos_old_hovel, layout_loops_corners, mainiacjoe_overflow_paths,
          kennysheep_small_circle

Skill      XL: |  1  2  3  4 |
---------------+-------------+-----
Fighting       | 4 5 |  5.0
Polearms       | |  2.4
Dodging        | |  2.4
Stealth        | |  1.5

Action                   |  1- 3 |  4- 6 || total
-------------------------+-------+-------++-------
Melee: Spear             |   215 |    33 ||   248
       Punch             |     2 |       ||     2
  Use: Scroll            |       |     3 ||     3
 Stab: Sleeping          |     9 |       ||     9
Armor: Robe              |    17 |       ||    17
       Leather armour    |    11 |     2 ||    13
       Ring mail         |       |     5 ||     5
Dodge: Dodged            |   113 |    10 ||   123

Table legend: (Time is in decaauts)
 A = Elapsed time spent in this place.
 B = Non-inter-level travel time spent in this place.
 C = Inter-level travel time spent in this place.
 D = Time resting spent in this place.
 E = Time spent auto-exploring this place.
 F = Levels seen in this place.
 G = Mean time per level.
                   A        B        C        D        E       F      G
               +--------+--------+--------+--------+--------+-----+--------+
         Total |   3131 |   3011 |    120 |    528 |   2017 |   4 |  782.8 |
       Dungeon |   3131 |   3011 |    120 |    528 |   2017 |   4 |  782.8 |
               +--------+--------+--------+--------+--------+-----+--------+

Top non-repeatable levels by time:
     D:1: 1702 daAuts
     D:2: 1138 daAuts
     D:4: 166 daAuts
     D:3: 123 daAuts
